 Dungeon Crawl Stone Soup version 0.26-a0-690-gcb57259078 (webtiles) character file.

Game seed: 8823026054595667665

1223 lunkers the Frost Mage (level 8, -2/52 HPs)
             Began as a Vampire Ice Elementalist on Oct 23, 2020.
             Killed from afar by a white imp (9 damage)
             ... with a puff of frost
             ... on level 5 of the Dungeon.
             The game lasted 00:07:15 (4258 turns).

lunkers the Frost Mage (Vampire Ice Elementalist)   Turns: 4258, Time: 00:07:16

Health: -2/52      AC:  4    Str:  7    XL:     8   Next: 23%
Magic:  15/16      EV: 12    Int: 19    God:
Gold:   245        SH:  0    Dex: 21    Spells: 7/18 levels left

rFire    . . .     SeeInvis +   w - +1 long sword (elec)
rCold    . . .     Faith    .   (no shield)
rNeg     . . .     Spirit   .   x - +0 leather armour (curse)
rPois    +         Reflect  .   (no helmet)
rElec    .         Harm     .   (no cloak)
rCorr    .         Rampage  .   c - +0 pair of gloves
MR       .....                  (no boots)
Stlth    ++........             (no amulet)
HPRegen  0.37/turn              l - ring of poison resistance
MPRegen  0.15/turn              r - +6 ring of dexterity

@: regenerating quickly
A: fangs 3, see invisible, unbreathing
a: Exsanguinate


You were on level 5 of the Dungeon.
You visited 1 branch of the dungeon, and saw 5 of its levels.

You collected 245 gold pieces.

Inventory:

Hand Weapons
 j - a +0 dagger
 p - a +2 dagger of venom
 w - a +1 long sword of electrocution (weapon)
Armour
 a - a +0 robe
 c - a +0 pair of gloves (worn)
 x - a cursed +0 leather armour (worn)
Jewellery
 l - a ring of poison resistance (left hand)
 r - a +6 ring of dexterity (right hand)
Wands
 s - a wand of iceblast (10)
 t - a wand of random effects (15)
Scrolls
 e - 4 scrolls of teleportation {unknown}
 f - 2 scrolls of remove curse {unknown}
 h - 4 scrolls of identify {unknown}
 i - 3 scrolls of enchant armour {unknown}
 q - 2 scrolls of immolation {unknown}
 v - a scroll of amnesia {unknown}
Potions
 b - 2 potions of heal wounds
 d - 2 potions of flight {unknown}
 g - 2 potions of berserk rage {unknown}
 k - 3 potions of might {unknown}
 m - 2 potions of stabbing {unknown}
 n - a potion of cancellation {unknown}
 o - a potion of degeneration {unknown}
 u - a potion of brilliance {unknown}


   Skills:
 - Level 2.1 Dodging
 - Level 3.0 Stealth
 + Level 5.5 Spellcasting
 * Level 9.1 Ice Magic


You had 7 spell levels left.
You knew the following spells:

 Your Spells              Type           Power        Failure   Level
a - Freeze                Ice            ####         1%          1
b - Frozen Ramparts       Ice            #####.       1%          3
c - Ozocubu's Armour      Ice            #####...     1%          3
d - Summon Ice Beast      Ice/Summ       ###.....     26%         4

Your spell library contained the following spells:

 Spells                   Type           Power        Failure   Level
 Hailstorm                Conj/Ice       ###.....     26%         4


Dungeon Overview and Level Annotations

Branches:
Dungeon (5/15)
 Temple: D:4-7

Altars:
Dithmenos
Qazlal
Sif Muna


Innate Abilities, Weirdness & Mutations

Your natural rate of healing is unusually fast.
You have razor-sharp teeth.
You have supernaturally acute eyesight. (SInv)
You can survive without breathing.


Message History

A hound skeleton comes into view.
The white imp gestures at you. The puff of frost hits you!
* * * LOW HITPOINT WARNING * * *
The white imp gestures at you. The puff of frost hits you.
* * * LOW HITPOINT WARNING * * *
The white imp gestures at you. The puff of frost hits you.
* * * LOW HITPOINT WARNING * * *
The white imp gestures at you. The puff of frost hits you!
* * * LOW HITPOINT WARNING * * *
The white imp gestures at you. The puff of frost hits you!
* * * LOW HITPOINT WARNING * * *
There is an escape hatch in the ceiling here.
The white imp gestures at you. The puff of frost hits you!
You die...

#.........##......#######
##........###..........##. ##
........5................. ...
#...................##..#..
#...##..##........)).........#..
#...#..#$#........##...<.##.....
#.........###..#............#..
.#....##....##...#..........##..
.......†.....#.@###.........#..#
[.........#.....#.#............#
..#.....#.......................
#.#>###....##......>.......... #
## ##.####...##........##.. ###
#####....###...### ###### #...#
#####


You could see a white imp.

Vanquished Creatures
  Sigmund (D:2)
  A water moccasin (D:5)
  2 ogres (D:4)
  A phantom (D:5)
  A centaur (D:4)
  2 howler monkeys
  A jelly (D:5)
  2 orc priests
  4 hounds (D:4)
  Jessica (D:2)
  Terence (D:3)
  2 orc wizards
  A worker ant (D:5)
  6 adders
  4 gnolls (D:5)
  A howler monkey skeleton (D:4)
  An adder skeleton (D:5)
  2 worms (D:2)
  4 dart slugs
  4 leopard geckos
  17 orcs
  7 bats
  A giant cockroach (D:3)
  5 hobgoblins
  6 jackals
  2 frilled lizards (D:3)
  7 goblins
  7 kobolds
  A leopard gecko skeleton (D:4)
  3 rats
98 creatures vanquished.

Notes
Turn   | Place    | Note
-------+----------+-------------------------------------------
     0 | D:1      | lunkers the Vampire Ice Elementalist began the quest for
                  | the Orb.
     0 | D:1      | Reached XP level 1. HP: 13/13 MP: 3/3
   370 | D:1      | Reached XP level 2. HP: 19/19 MP: 1/5
  1077 | D:2      | Noticed Jessica
  1089 | D:2      | Killed Jessica
  1089 | D:2      | Reached XP level 3. HP: 9/24 MP: 0/6
  1153 | D:2      | Reached skill level 5 in Ice Magic
  1399 | D:2      | Reached XP level 4. HP: 28/30 MP: 5/8
  1824 | D:2      | Noticed Sigmund
  1834 | D:2      | Learned a level 3 spell: Frozen Ramparts
  1838 | D:2      | Learned a level 3 spell: Ozocubu's Armour
  1851 | D:2      | Killed Sigmund
  1851 | D:2      | Reached skill level 6 in Ice Magic
  1851 | D:2      | Reached XP level 5. HP: 28/35 MP: 5/10
  2040 | D:3      | Noticed Terence
  2052 | D:3      | Killed Terence
  2052 | D:3      | Reached XP level 6. HP: 41/41 MP: 5/11
  2057 | D:3      | Found a stormy altar of Qazlal.
  2148 | D:3      | Learned a level 4 spell: Summon Ice Beast
  2322 | D:3      | Found a shimmering blue altar of Sif Muna.
  2368 | D:3      | Found a shadowy altar of Dithmenos.
  3078 | D:4      | Reached skill level 7 in Ice Magic
  3330 | D:4      | Reached XP level 7. HP: 46/46 MP: 7/13
  3501 | D:4      | Reached skill level 8 in Ice Magic
  3709 | D:4      | Reached skill level 5 in Spellcasting
  3759 | D:4      | Found a stormy altar of Qazlal.
  4040 | D:5      | Entered Level 5 of the Dungeon
  4117 | D:5      | Reached XP level 8. HP: 39/52 MP: 10/15
  4231 | D:5      | Reached skill level 9 in Ice Magic
  4258 | D:5      | Killed from afar by a white imp

Illustrated notes

Levels and vault maps discovered:
D:1:      dpeg_arrival_stone_temple_mockup, layout_loops_corners
D:2:      layout_basic, st_stairs_5, uniq_sigmund, uniq_jessica
D:3:      layout_loops_ring, nicolae_dithmenos_through_a_glass_darkly,
          overflow_temple_1_default, grunt_qazlal_clouds, uniq_terence
D:4:      layout_basic, kennysheep_little_box, grunt_ministairs_7,
          minmay_goblin_outpost
D:5:      wad_crossroads, layout_cave_pools, lemuel_coloured_pillars_altar,
          cheibrodos_gnoll_hut, uniq_menkaure

Skill      XL: |  1  2  3  4  5  6  7  8 |
---------------+-------------------------+-----
Ice Magic      | 5 6 7 8 9 |  9.1
Spellcasting   | 3 4 5 |  5.5
Dodging        | |  2.1
Stealth        | |  3.0

Action                   |  1- 3 |  4- 6 |  7- 9 || total
-------------------------+-------+-------+-------++-------
Melee: Dagger            |     2 |    19 |    18 ||    39
       Bite              |       |     1 |     3 ||     4
       Long sword        |       |       |    11 ||    11
 Cast: Freeze            |    40 |    66 |    26 ||   132
       Frozen Ramparts   |       |     5 |    10 ||    15
 Stab: Sleeping          |       |     1 |       ||     1
Armor: Robe              |     4 |     3 |    10 ||    17
       Leather armour    |       |       |     1 ||     1
Dodge: Dodged            |    11 |    48 |    41 ||   100
       Rpst.: Long sword |       |       |     4 ||     4

Table legend: (Time is in decaauts)
 A = Elapsed time spent in this place.
 B = Non-inter-level travel time spent in this place.
 C = Inter-level travel time spent in this place.
 D = Time resting spent in this place.
 E = Time spent auto-exploring this place.
 F = Levels seen in this place.
 G = Mean time per level.
                   A        B        C        D        E       F      G
               +--------+--------+--------+--------+--------+-----+--------+
         Total |   4259 |   4146 |    113 |     25 |   3350 |   5 |  851.8 |
       Dungeon |   4259 |   4146 |    113 |     25 |   3350 |   5 |  851.8 |
               +--------+--------+--------+--------+--------+-----+--------+

Top non-repeatable levels by time:
     D:2: 1080 daAuts
     D:4: 1065 daAuts
     D:3: 1001 daAuts
     D:1: 957 daAuts
     D:5: 155 daAuts
